 Dungeon Crawl Stone Soup version 0.27-a0-951-gae3e1deef5 (webtiles) character file.

Game seed: 8175054416143119527

10 Alarkh the Insei (level 2, 17/21 HPs)
             Began as a Demonspawn Transmuter on Apr 11, 2021.
             Got out of the dungeon alive.
             The game lasted 00:00:24 (395 turns).

Alarkh the Insei (Demonspawn Transmuter)             Turns: 395, Time: 00:00:24

Health: 17/21      AC:  2    Str: 10    XL:     2   Next: 10%
Magic:  5/5        EV: 12    Int: 14    God:
Gold:   0          SH:  0    Dex: 13    Spells: 4/5 levels left

rFire    . . .     SeeInvis .     - Unarmed
rCold    . . .     Faith    .   (no shield)
rNeg     . . .     Spirit   .   a - +0 robe
rPois    .         Reflect  .   (no helmet)
rElec    .         Harm     .   (no cloak)
rCorr    .         Rampage  .   (no gloves)
Will     .....                  (no boots)
Stlth    +.........             (no amulet)
HPRegen  0.07/turn              (no ring)
MPRegen  0.18/turn              (no ring)

@: no status effects
A: magic regeneration
a: no special abilities


You escaped.
You visited 1 branch of the dungeon, and saw 1 of its levels.

Inventory:

Armour
 a - a +0 robe (worn)
Scrolls
 c - a scroll of amnesia {unknown}
 d - a scroll of identify {unknown}
Potions
 b - 2 potions of flight {unknown}
 e - a potion of brilliance {unknown}


   Skills:
 + Level 1.2 Fighting
 - Level 1.7 Dodging
 * Level 2.9 Unarmed Combat
 + Level 2.1 Spellcasting
 + Level 1.9 Transmutations


You had 4 spell levels left.
You knew the following spells:

 Your Spells              Type           Power      Damage    Failure   Level
a - Beastly Appendage     Tmut           14%        N/A       11%         1

Your spell library contained the following spells:

 Spells                   Type           Power      Damage    Failure   Level
 Wereblood                Tmut           7%         N/A       16%         2
 Spider Form              Tmut/Pois      2%         N/A       43%         3
 Ice Form                 Ice/Tmut       4%         N/A       83%         4
 Hydra Form               Tmut           3%         N/A       96%         5


Dungeon Overview and Level Annotations

Branches:
Dungeon (1/15)

Altars:


Innate Abilities, Weirdness & Mutations

You regenerate magic rapidly.


Message History

The frilled lizard bites you.
The endoplasm quivers.
You hit the frilled lizard.
You kill the frilled lizard!
You see here a frilled lizard corpse.
You hit the endoplasm. You claw the endoplasm.
The endoplasm is almost dead.
The endoplasm barely misses you.
You hit the endoplasm.
You kill the endoplasm!
You have reached level 2!
Your demonic ancestry asserts itself...
Your magic begins to regenerate rapidly.
Your transformation is almost over.
An endoplasm comes into view.
The endoplasm quivers.
The endoplasm freezes you.
You are frozen.
You hit the endoplasm.
You kill the endoplasm!
No target in view!
No target in view!
No target in view!
No target in view!
No target in view!
No target in view!
No target in view!
No target in view!
No target in view!
No target in view!
No target in view!
No target in view!
Unknown command.
Your horns disappear.
Your talons disappear.
There is an open door here.
You enter the shallow water.
Moving in this stuff is going to be slow.
There is a staircase leading out of the dungeon here.
Are you sure you want to leave the Dungeon?
This will make you lose the game!
You have escaped!

.......####... ... .....##.#
.............. ..##.....#.###
†..!..........
##............#
.......##..... .............#
.........#####
####...........# .......#.+
≈#≈≈≈#..#.#......###
.......###
#≈##≈#....#......... .......#
#≈#≈≈#.............. .....#.#
#≈#@≈'....####.#####
#.##...## #≈≈≈≈##..## #..#
#.##.#..## #≈##≈##..# #.##
#.##.#...# #≈≈≈≈#...# #.#
#.##.##..###+######..## #.#
.....##..##.........######.##
.....##...........##........#
.....#....#...#.###.........#
..............#>#...........#


There were no monsters in sight!

Vanquished Creatures
  A dart slug (D:1)
  2 endoplasms (D:1)
  A goblin (D:1)
  A quokka (D:1)
  A bat (D:1)
  A frilled lizard (D:1)
  A rat (D:1)
8 creatures vanquished.

Notes
Turn   | Place    | Note
-------+----------+-------------------------------------------
     0 | D:1      | Alarkh the Demonspawn Transmuter began the quest for the
                  | Orb.
     0 | D:1      | Reached XP level 1. HP: 15/15 MP: 3/3
   351 | D:1      | Gained mutation: You regenerate magic rapidly. [demonic
                  | ancestry]
   351 | D:1      | Reached XP level 2. HP: 19/21 MP: 3/5
   395 | D:$      | Got out of the dungeon alive.

Illustrated notes

Levels and vault maps discovered:
D:1:      ncdulo_wetmaze, layout_rooms, minmay_heptomino_d4

Action                   || total
-------------------------++-------
Melee: Unarmed           ||    25
       Kick              ||     5
       Headbutt          ||     3
 Cast: Beastly Appendage ||     7
Armor: Robe              ||     8
Dodge: Dodged            ||    28

Table legend: (Time is in decaauts)
 A = Elapsed time spent in this place.
 B = Non-inter-level travel time spent in this place.
 C = Inter-level travel time spent in this place.
 D = Time resting spent in this place.
 E = Time spent auto-exploring this place.
 F = Levels seen in this place.
 G = Mean time per level.
                   A        B        C        D        E       F      G
               +--------+--------+--------+--------+--------+-----+--------+
         Total |    398 |    366 |     32 |      0 |    292 |   1 |  398.0 |
       Dungeon |    398 |    366 |     32 |      0 |    292 |   1 |  398.0 |
               +--------+--------+--------+--------+--------+-----+--------+

Top non-repeatable levels by time:
     D:1: 398 daAuts
